 Dungeon Crawl Stone Soup version 0.28.0-53-g5a82cb258f (webtiles) character file.

Game seed: 1670985457556553070

8 Kranky the Sneak (level 2, 0/26 HPs)
             Began as a Gnoll Wanderer on June 18, 2022.
             Slain by a kobold
             ... wielding a +2 short sword of flaming
              (2 damage)
             ... on level 1 of the Dungeon.
             The game lasted 00:00:37 (136 turns).

Kranky the Sneak (Gnoll Wanderer)                    Turns: 136, Time: 00:00:37

Health: 0/26       AC:  3    Str: 12    XL:     2   Next: 8%
Magic:  10/10      EV: 11    Int: 11    God:
Gold:   0          SH:  0    Dex: 10    Spells: 14/15 levels left

rFire   . . .      SeeInvis .   a - +2 dagger
rCold   . . .      Faith    .   (no shield)
rNeg    . . .      Spirit   .   e - +0 leather armour
rPois   .          Reflect  .   (no helmet)
rElec   .          Harm     .   (no cloak)
rCorr   .          Rampage  .   (no gloves)
Will    .....                   (no boots)
Stlth   +++.......              (no amulet)
HPRegen 0.08/turn               (no ring)
MPRegen 0.12/turn               (no ring)

@: no status effects
A: fangs 1, strong nose, distributed training
a: no special abilities


You were on level 1 of the Dungeon.
You visited 1 branch of the dungeon, and saw 1 of its levels.

Inventory:

Hand Weapons
 a - a +2 dagger (weapon)
Missiles
 c - 10 poisoned darts (quivered)
Armour
 e - a +0 leather armour (worn)
Potions
 b - 2 potions of heal wounds
 d - a potion of lignification {unknown}


   Skills:
 + Level 4.4 Fighting
 + Level 0.2 Short Blades
 + Level 0.2 Long Blades
 + Level 0.2 Axes
 + Level 0.2 Maces & Flails
 + Level 0.2 Polearms
 + Level 0.2 Staves
 + Level 0.2 Slings
 + Level 0.2 Bows
 + Level 0.2 Crossbows
 + Level 2.4 Throwing
 + Level 0.2 Armour
 + Level 0.2 Dodging
 + Level 7.7 Stealth
 + Level 0.2 Shields
 + Level 0.2 Unarmed Combat
 + Level 7.1 Spellcasting
 + Level 0.1 Conjurations
 + Level 0.1 Hexes
 + Level 0.1 Summonings
 + Level 0.1 Necromancy
 + Level 0.1 Translocations
 + Level 0.1 Transmutations
 + Level 0.1 Fire Magic
 + Level 0.1 Ice Magic
 + Level 0.1 Air Magic
 + Level 0.1 Earth Magic
 + Level 0.1 Poison Magic
 + Level 0.3 Invocations
 + Level 0.2 Evocations


You had 14 spell levels left.
You knew the following spells:

 Your Spells              Type           Power      Damage    Failure   Level
a - Apportation           Tloc           8%         N/A       21%         1

Your spell library contained the following spells:

 Spells                   Type           Power      Damage    Failure   Level
 Teleport Other           Tloc           4%         N/A       52%         3


Dungeon Overview and Level Annotations

Branches:
Dungeon (1/15)

Altars:


Innate Abilities, Weirdness & Mutations

You have very sharp teeth.
Your uncanny sense of smell can sniff out nearby items.
Your experience applies equally to all skills.


Message History

You hit the goblin.
The goblin is heavily wounded.
The goblin hits you with a +0 dagger.
You hit the goblin.
You kill the goblin!
You have reached level 2!
You closely miss the frilled lizard. The frilled lizard barely misses you.
You barely miss the frilled lizard. Your bite misses the frilled lizard.
A kobold comes into view.
It is wielding a +2 short sword of flaming.
The frilled lizard misses you.
You hit the frilled lizard.
You kill the frilled lizard!
You barely miss the kobold.
The kobold hits you with a +2 short sword of flaming.
The kobold burns you.
A kobold is nearby!
You are too injured to fight recklessly!
You are too injured to fight recklessly!
You are too injured to fight recklessly!
You are too injured to fight recklessly!
You hit the kobold but do no damage. The kobold closely misses you.
You closely miss the kobold. The kobold closely misses you.
You barely miss the kobold.
The kobold hits you with a +2 short sword of flaming.
The kobold burns you.
* * * LOW HITPOINT WARNING * * *
You barely miss the kobold. The kobold misses you.
Unknown command.
Things that are here:
a +0 club; a goblin corpse You barely miss the kobold.
The kobold hits you but does no damage.
You hit the kobold.
The kobold is heavily wounded.
The kobold closely misses you.
You hit the kobold.
The kobold is severely wounded.
The kobold hits you with a +2 short sword of flaming.
* * * LOW HITPOINT WARNING * * *
The kobold burns you.
You die...

∆ ######### #.......# #
#.......#
###.###########...!...#
#...)?.K@.............+
......#######...#.......#
##... #...#.......### #.#
#####..........
#.######### ##......)...
#.##....>.# #.....###...
#.##......# #.###.# ...
#.##......# #.# #.# ...
#^##......# #.###:# .##


You could see a kobold.

Vanquished Creatures
  A bat (D:1)
  An endoplasm (D:1)
  2 goblins (D:1)
  A quokka (D:1)
  A frilled lizard (D:1)
  A kobold (D:1)
7 creatures vanquished.

Notes
Turn   | Place    | Note
-------+----------+-------------------------------------------
     0 | D:1      | Kranky the Gnoll Wanderer began the quest for the Orb.
     0 | D:1      | Kranky set off with the following items: a +2 dagger, a
                  | potion of heal wounds, 10 poisoned darts, a +0 dagger, a +0
                  | leather armour; and the following spell memorised:
                  | Apportation; and the following spells available to
                  | memorise: Teleport Other
     0 | D:1      | Reached XP level 1. HP: 20/20 MP: 8/8
   123 | D:1      | Reached XP level 2. HP: 21/26 MP: 10/10
   136 | D:1      | Slain by a kobold

Illustrated notes

Levels and vault maps discovered:
D:1:      wander_arrival_peaceful_grave, layout_basic

Action                   || total
-------------------------++-------
Melee: Dagger            ||    20
 Stab: Sleeping          ||     3
Armor: Leather armour    ||     3
Dodge: Dodged            ||     7
